Cogmind - Beta 11 @@@ ROGUE MODE // 2022.03.22 @ 13:10:02 Player: 277 Result: Destroyed self with Rocket Launcher Performance ------------- Evolutions (0) 0 Regions Visited (4) 800 Robots Destroyed (47) 235 Value Destroyed (788) 788 Prototype IDs (2) 40 Alien Tech Used (0) 0 Bonus (54) 54 TOTAL SCORE: 1917 Bonus ------- High Alert Combat Kills 47 Follower Combat Kills 7 Cogmind --------- Core Integrity 0/250 Matter 278/300 Energy 63/100 System Corruption 0% Temperature Cool (4) Movement Flying (37) Location -9/Mines Parts ------- > --- POWER (1) -------- (None) > --- PROPULSION (2) --- Flight Unit Flight Unit > --- UTILITY (2) ------ Visual Processing Unit Signal Interpreter > --- WEAPON (2) ------- Rocket Launcher Makeshift Hammer > --- INVENTORY (5) ---- Gravmag System Seismic Detector Sensor Drone Bay Light Cannon Makeshift Hammer Peak State ------------ > --- POWER ------------ Light Ion Engine > --- PROPULSION ------- Gravmag System Flight Unit > --- UTILITY ---------- Visual Processing Unit Signal Interpreter > --- WEAPON ----------- Grenade Launcher Makeshift Hammer > --- INVENTORY -------- Flight Unit Seismic Detector Sensor Drone Bay Light Cannon [Rating: 15] Favorites ----------- Power Light Ion Engine Engine Light Ion Engine Propulsion Flight Unit Treads Light Treads Wheel Wheel Hover Unit Gravmag System Flight Unit Flight Unit Utility Signal Interpreter Processor Signal Interpreter Weapon Grenade Launcher Energy Gun Small Laser Ballistic Gun Assault Rifle Ballistic Cannon Light Cannon Launcher Grenade Launcher Impact Weapon Hammer Build | -11 -10 -10 -10 -9 ------- Run | Scr Mat Min Exi Min Slots Evolved . | . . . . . Power . | . . . . . Propulsion . | . . . . . Utility . | . . . . . Weapon . | . . . . . Parts Attached 35 | 4 13 5 1 12 Power 3 | . 1 1 . 1 Engine 3 | . 1 1 . 1 Core . | . . . . . Reactor . | . . . . . Propulsion 14 | 2 3 2 . 7 Treads 2 | 2 . . . . Leg . | . . . . . Wheel 1 | . 1 . . . Hover 2 | . . . . 2 Flight 9 | . 2 2 . 5 Utility 2 | . 2 . . . Device . | . . . . . Storage . | . . . . . Processor 2 | . 2 . . . Hackware . | . . . . . Protection . | . . . . . Artifact . | . . . . . Weapon 16 | 2 7 2 1 4 Energy Gun 2 | 1 1 . . . Energy Cannon . | . . . . . Ballistic Gun 4 | 1 3 . . . Ballistic Cannon 2 | . 1 . . 1 Launcher 6 | . 2 1 . 3 Special Weapon . | . . . . . Impact Weapon 2 | . . 1 1 . Slashing Weapon . | . . . . . Piercing Weapon . | . . . . . Special Melee Weapon . | . . . . . Unidentified Prototypes . | . . . . . Parts Lost 4 | . 1 1 . 2 Power 1 | . . . . 1 Propulsion 2 | . . 1 . 1 Utility . | . . . . . Weapon 1 | . 1 . . . Highest Loss Streak 2 | . 1 1 . 2 To Critical Strikes . | . . . . . Average Slot Usage (%) 93 | . 91 97 96 85 Engine 10 | . 8 14 14 6 Treads 2 | . 7 . . . Wheel 1 | . 4 . . . Flight 22 | . 16 25 28 22 Processor 27 | . 25 28 28 28 Energy Gun 2 | . 7 . . . Ballistic Gun 6 | . 18 3 . . Launcher 7 | . . 14 10 7 Impact Weapon 8 | . . 10 14 14 Naked Turns . | . . . . . Heaviest Build 9 | 3 8 8 8 9 Greatest Support 9 | 3 8 8 8 9 Greatest Overweight (x) 1 | . 1 1 . 1 Average Overweight (x) . | . . . . . Largest Inventory Capacity 5 | 5 5 5 5 5 Average Capacity 5 | 5 5 5 5 5 Most Carried 5 | 5 5 5 5 5 Average Carried 4 | 3 4 4 4 4 Final Capacity 5 | 5 5 5 5 5 Final Carried 5 | 4 5 5 5 5 Class Distribution -------------------- 68% | Scavenger-Mutant 31% | Mutant Dominant Class ---------------- Mutant | -10/Materials Scavenger-Mutant | -10/Mines Scavenger-Mutant | -10/Exiles Scavenger-Mutant | -9/Mines Resources | -11 -10 -10 -10 -9 ----------- Run | Scr Mat Min Exi Min Matter Collected 1154 | 181 346 443 23 161 Remotely . | . . . . . Salvage Created 1498 | . 353 500 344 301 Parts 85 | . 25 37 6 17 Haulers Intercepted 2 | . 2 . . . Recyclers Shooed 5 | . 1 1 . 3 Parts Field Recycled . | . . . . . Retrieved Matter . | . . . . . Parts Self-Destructed . | . . . . . Prevented . | . . . . . Kills | -11 -10 -10 -10 -9 ------- Run | Scr Mat Min Exi Min Combat Hostiles Destroyed 28 | . 8 12 . 8 Melee 1 | . . . . 1 Guns 5 | . 4 1 . . Cannons 2 | . 1 . . 1 AOE 20 | . 3 11 . 6 Classes Destroyed 10 | . 4 4 . 2 Worker 7 | . . 3 . 4 Builder 1 | . . 1 . . Tunneler 3 | . . 2 . 1 Hauler 2 | . 2 . . . Recycler 5 | . . 3 . 2 Watcher 2 | . 2 . . . Swarmer 15 | . 3 6 . 6 Grunt 11 | . 5 6 . . Demolisher 1 | . . . . 1 Assembled 1 | . . . . 1 Best Kill Streak 10 | . 6 10 . 9 Combat Bots Only 6 | . 6 5 . 6 Max Kills in Single Turn 3 | . 2 2 . 3 Gunslinging . | . . . . . Exploded 3 | . 2 2 . 3 Melee 1 | . . . . 1 Uniques/NPCs Destroyed . | . . . . . Combat | -11 -10 -10 -10 -9 -------- Run | Scr Mat Min Exi Min Damage Taken 852 | . 244 228 . 380 Core 258 | . 40 54 . 164 Absorbed by Shields . | . . . . . Core Remaining (%) 100 | 100 . . . . Volleys Fired 73 | . 35 26 . 12 Largest 2 | . 2 1 . 1 Hottest 60 | . 60 30 . 35 Shots Fired 104 | . 66 26 . 12 Gun 64 | . 60 4 . . Cannon 12 | . 4 . . 8 Launcher 28 | . 2 22 . 4 Special . | . . . . . Kinetic 51 | . 39 4 . 8 Thermal 16 | . 16 . . . Explosive 28 | . 2 22 . 4 Electromagnetic 9 | . 9 . . . Robot Hit Streak 6 | . 6 6 . 5 Robot Miss Streak 3 | . 3 2 . 1 Penetration Max . | . . . . . Secondary Targets . | . . . . . Shots Hit Robots 105 | . 43 21 24 17 Core Hits 76 | . 21 31 8 16 Critical Kills 4 | . . . 1 3 Critical Parts Destroyed 5 | . . 2 3 . Critical Strikes 9 | . . 2 4 3 Smash 9 | . . 2 4 3 Melee Attacks 61 | . . 12 26 23 Impact 61 | . . 12 26 23 Slashing . | . . . . . Piercing . | . . . . . Sneak Attacks 14 | . . 8 . 6 Combat Hostiles . | . . . . . Follow-up Attacks . | . . . . . Damage Inflicted 4660 | . 759 1355 1392 1154 Guns 553 | . 514 39 . . Cannons 173 | . 49 . . 124 Explosions 1356 | . 196 917 . 243 Melee 2578 | . . 399 1392 787 Ramming . | . . . . . Kinetic 494 | . 331 39 . 124 Thermal 158 | . 158 . . . Explosive 1356 | . 196 917 . 243 Electromagnetic 74 | . 74 . . . Impact 2578 | . . 399 1392 787 Slashing . | . . . . . Piercing . | . . . . . Highest Corruption . | . . . . . Average Corruption . | . . . . . Corruption Purged . | . . . . . Corruption Blocked . | . . . . . Overload Shots . | . . . . . Overflow Damage 786 | . 8 135 345 298 Projectiles . | . . . . . Explosions 11 | . 8 3 . . Melee 775 | . . 132 345 298 Knockbacks 10 | . . 2 5 3 Impact 8 | . . 2 5 1 Kinetic 2 | . . . . 2 Secondary . | . . . . . Self-Inflicted Damage 121 | . . 50 . 71 Shots 5 | . . 3 . 2 Rammed . | . . . . . Targets Rammed . | . . . . . Kicked . | . . . . . Crushed . | . . . . . Highest Temperature 104 | . 104 57 . . Average Temperature 37 | . 43 22 . . Received Heat Transfer 231 | . 123 108 . . Siege Activations . | . . . . . Robots Corrupted . | . . . . . Combat Hostiles . | . . . . . Parts Fried 10 | . . 6 1 3 Impact Corruptions 27 | . . 7 11 9 Robots Melted . | . . . . . Combat Hostiles . | . . . . . Parts Melted . | . . . . . Heat Transferred 350 | . 350 . . . Parts Sabotaged . | . . . . . Parts Stolen . | . . . . . Parts Stripped . | . . . . . Power Chain Reactions . | . . . . . Missiles Intercepted . | . . . . . Alert | -11 -10 -10 -10 -9 ------- Run | Scr Mat Min Exi Min Peak Influence 775 | . 286 775 . 323 Initial 87 | . . 87 . . Average 243 | . 147 448 . 87 Maximum Alert Level 3 | . 1 3 . 1 Low Security (%) 47 | 100 65 4 . 83 Level 1 36 | . 34 52 . 16 Level 2 7 | . . 19 . . Level 3 8 | . . 23 . . Level 4 . | . . . . . Level 5 . | . . . . . High Security . | . . . . . Max Security . | . . . . . Squads Dispatched 2 | . 2 . . . Investigation . | . . . . . Extermination . | . . . . . Reinforcement 2 | . 2 . . . Assault . | . . . . . Garrison . | . . . . . Intercept . | . . . . . Searches Triggered . | . . . . . Construction Impeded . | . . . . . Haulers Reinforced . | . . . . . Active Scanning Responses . | . . . . . Cargo Convoy Interrupts . | . . . . . Stealth | -11 -10 -10 -10 -9 --------- Run | Scr Mat Min Exi Min Distress Signals 3 | . 1 . . 2 Communications Jammed . | . . . . . Distress Signals . | . . . . . Times Spotted 35 | . 13 11 . 11 Peak Tracking Total 4 | . 3 3 . 4 Tactical Retreats 1 | . . . . 1 Traps | -11 -10 -10 -10 -9 ------- Run | Scr Mat Min Exi Min Traps Triggered . | . . . . . Indirectly . | . . . . . Trap Hack Attempts . | . . . . . Triggered . | . . . . . Disarmed 4 | . 4 . . . Reprogrammed . | . . . . . Reused . | . . . . . Traps Extracted . | . . . . . Installed . | . . . . . Triggered . | . . . . . Machines | -11 -10 -10 -10 -9 ---------- Run | Scr Mat Min Exi Min Machines Disabled 6 | . 1 3 . 2 Max in Single Turn 2 | . 1 2 . 1 Machines Sabotaged . | . . . . . Garrisons Compromised . | . . . . . Overloaded Fab Kills . | . . . . . Hacking | -11 -10 -10 -10 -9 --------- Run | Scr Mat Min Exi Min Machines Accessed 11 | . 6 1 4 . Terminals 6 | . 6 . . . Fabricators . | . . . . . Repair Stations . | . . . . . Recycling Units . | . . . . . Scanalyzers . | . . . . . Garrison Access . | . . . . . Total Hacks 84 | . 34 1 49 . Successful 73 | . 23 1 49 . Failed 10 | . 10 . . . Catastrophic . | . . . . . Database Lockouts 1 | . 1 . . . Manual 27 | . 25 . 2 . Terminals 34 | . 34 . . . Fabricators . | . . . . . Repair Stations . | . . . . . Recycling Units . | . . . . . Scanalyzers . | . . . . . Garrison Access . | . . . . . Terminal Hacks 63 | . 13 1 49 . Record 49 | . . . 49 . Robot Analysis 3 | . 3 . . . Prototype ID Bank 1 | . 1 . . . Open Door 1 | . . 1 . . Terminal Index 2 | . 2 . . . Alert Level 1 | . 1 . . . Unreport Threat 1 | . 1 . . . Locate Traps 1 | . 1 . . . Disarm Traps 1 | . 1 . . . Hauler Manifests 1 | . 1 . . . Registered Components 1 | . 1 . . . Zone Layout 1 | . 1 . . . Fabricator Hacks . | . . . . . Repair Station Hacks . | . . . . . Recycling Unit Hacks . | . . . . . Scanalyzer . | . . . . . Garrison Access Hacks . | . . . . . Unauthorized Hacks 10 | . 10 . . . Terminals 10 | . 10 . . . Track 3 | . 3 . . . Assimilate 2 | . 2 . . . Botnet 3 | . 3 . . . Disrupt 1 | . 1 . . . Operators 1 | . 1 . . . Fabricators . | . . . . . Repair Stations . | . . . . . Recycling Units . | . . . . . Scanalyzers . | . . . . . Garrison Access . | . . . . . Data Cores Recovered . | . . . . . Used . | . . . . . Hacking Detections 6 | . 6 . . . Full Trace Events . | . . . . . Feedback Events . | . . . . . Feedback Blocked . | . . . . . Robot Schematics Acquired . | . . . . . Robots Built . | . . . . . Authchips . | . . . . . Time . | . . . . . Total Robot Build Rating . | . . . . . Part Schematics Acquired . | . . . . . Parts Built . | . . . . . Authchips . | . . . . . Time . | . . . . . Total Part Build Rating . | . . . . . Parts Repaired . | . . . . . Time . | . . . . . Parts Recycled . | . . . . . Recycled Matter . | . . . . . Retrieved Matter . | . . . . . Retrieved Components . | . . . . . Parts Scanalyzed . | . . . . . Part Schematics Acquired . | . . . . . Parts Damaged . | . . . . . Bothacking | -11 -10 -10 -10 -9 ------------ Run | Scr Mat Min Exi Min Used RIF Installer . | . . . . . Robots Hacked . | . . . . . Non-combat . | . . . . . Combat . | . . . . . Robot Hacks Applied . | . . . . . Relay Couplers Released . | . . . . . Fabnet Peak Effective % . | . . . . . Robots Rewired 2 | . . . 2 . Allies Hacked . | . . . . . Hacks Repelled . | . . . . . Allies | -11 -10 -10 -10 -9 -------- Run | Scr Mat Min Exi Min Total Allies 5 | . 1 . 2 2 Largest Group 5 | . 1 1 3 5 Highest-Rated Group 76 | . 10 10 26 76 Highest-Rated Ally 31 | . 10 10 10 31 Total Orders 12 | . 4 2 . 6 STAY 5 | . 2 1 . 2 FOLLOW 3 | . 2 1 . . GUARD 2 | . . . . 2 AID 2 | . . . . 2 Ally Attacks 3 | . . . . 3 Total Damage 29 | . . . . 29 Kills 2 | . . . . 2 Allies Corrupted . | . . . . . Allies Melted . | . . . . . Intel | -11 -10 -10 -10 -9 ------- Run | Scr Mat Min Exi Min Robot Analysis Total 3 | . 3 . . . Derelict Logs Recovered 3 | . . 2 . 1 Drone Launches . | . . . . . Drone Recoveries . | . . . . . Exploration | -11 -10 -10 -10 -9 ------------- Run | Scr Mat Min Exi Min Turns Passed 1310 | 26 398 372 310 204 Spaces Moved 1952 | 30 567 655 503 197 Core 206 | 30 175 . . 1 Treads . | . . . . . Legs . | . . . . . Wheels . | . . . . . Hover 95 | . . . . 95 Flight 1651 | . 392 655 503 101 Fastest Speed 37 | 50 37 37 37 37 Average Speed 40 | 50 41 41 37 48 Slowest Speed 120 | 50 100 120 37 100 Overloaded Moves . | . . . . . Propulsion Burnouts . | . . . . . Robots Hopped 5 | . 4 1 . . Cave-ins Triggered . | . . . . . Exploration Rate (%) 65 | 3 80 98 94 50 Regions Visited 4 Branch Regions 3 Pre-discovered Areas 3 | . . 2 1 . Known Exits Taken 3 | . 1 1 1 . Unknown Exits Taken 1 | 1 . . . . Scrap Searched 2 | . . 2 . . Spaces Dug . | . . . . . Terrain Destroyed 205 | . 12 162 . 31 Melee . | . . . . . Projectile . | . . . . . AOE 205 | . 12 162 . 31 Terrain Rammed . | . . . . . Walls Destroyed . | . . . . . Machines Disabled . | . . . . . Actions | -11 -10 -10 -10 -9 --------- Run | Scr Mat Min Exi Min Total 2264 | 38 658 710 585 273 Wait 87 | . 36 5 24 22 Move 1938 | 29 558 652 502 197 Hop 5 | . 4 1 . . Pick Up 17 | 5 7 3 1 1 Fast Attach 8 | 3 3 1 . 1 Attach 6 | 1 3 . . 2 Detach 2 | . . . 1 1 Swap 21 | . 7 4 1 9 Drop 19 | . 5 6 3 5 Fire 73 | . 35 26 . 12 Melee 61 | . . 12 26 23 Ram . | . . . . . Kick . | . . . . . Crush . | . . . . . Escape Stasis . | . . . . . Rewire 27 | . . . 27 . Trap . | . . . . . Miscellaneous . | . . . . . Route ------- -11/Scrapyard -10/Materials (discovered 3 exits: *Mat x2 / *Min) -10/Mines (discovered 3 exits: *Mat x2 / *Exi) -10/Exiles (discovered 2 exits: *Min x2) -9/Mines (discovered 2 exits: *Mat x2) History --------- Turn | Location | Event 5 | -11/Scrapyard | Discovered new exit (range 15) 27 | -11/Scrapyard | Entered Materials 166 | -10/Materials | Discovered new exit (range 18) 235 | -10/Materials | Discovered new exit (range 17) 262 | -10/Materials | Central database locked down 272 | -10/Materials | Identified exit to Materials 300 | -10/Materials | Build established: Mutant 407 | -10/Materials | Discovered new exit (range 17) 416 | -10/Materials | Identified exit to Mines 425 | -10/Materials | Entered Mines 425 | -10/Mines | Accompanied by 1 ally 439 | -10/Mines | Learned location of Zion (-6) 539 | -10/Mines | Deemed a non-threat by the Exiles lab entrance 539 | -10/Mines | Discovered new exit (range 5) 540 | -10/Mines | Identified exit to Exiles 568 | -10/Mines | Discovered exit to Materials (range 6) 628 | -10/Mines | Found the Drone Emporium 630 | -10/Mines | Found Prototype Device 668 | -10/Mines | Found a hidden stash of uninstalled traps 706 | -10/Mines | Build established: Scavenger-Mutant 714 | -10/Mines | Discovered exit to Materials (range 9) 797 | -10/Mines | Entered Exiles 797 | -10/Exiles | Found Exiles lab destroyed 797 | -10/Exiles | Accompanied by 1 ally 803 | -10/Exiles | Discovered new exit (range 15) 1078 | -10/Exiles | Discovered new exit (range 12) 1082 | -10/Exiles | Identified exit to Mines 1107 | -10/Exiles | Entered Mines 1107 | -9/Mines | Accompanied by 3 allies 1108 | -9/Mines | Assembled infested the area 1113 | -9/Mines | Assisted by a Guerilla fighting off Assembled 1182 | -9/Mines | A weapon hastily lodged in a ceiling crevice suddenly fell to the ground 1223 | -9/Mines | Core integrity fell below 50% 1229 | -9/Mines | Core integrity fell below 20% 1238 | -9/Mines | Learned 4 Materials zone layouts 1277 | -9/Mines | Received a Rocket Launcher from a helpful Derelict 1280 | -9/Mines | Discovered new exit (range 7) 1283 | -9/Mines | Identified exit to Materials 1311 | -9/Mines | Discovered exit to Materials (range 5) 1311 | -9/Mines | Destroyed self with Rocket Launcher Last Messages --------------- 01280_ Acquired 8 matter. 01281_ K-01 Serf collects debris. 01281_ Acquired 2 matter. 01283_ EXIT=IDENTIFIED: MATERIALS 01285_ Connecting with Terminal... 01285_ Seismic Survey Station disabled. 01296_ Dropped Flight Unit. 01298_ Dropped Grenade Launcher. 01299_ K-01 Serf collects debris. 01300_ The unstable cave ceiling collapses. 01300_ Acquired 9 matter. 01300_ K-01 Serf collects debris. 01305_ Sneak attack on R-06 Scavenger. 01305_ Destroyed Tractor Beam. 01305_ R-06 Scavenger system corrupted by crushing effect. 01307_ Destroyed Lgt. Ion Engine. 01307_ R-06 Scavenger system corrupted by crushing effect. 01308_ R-06 Scavenger system terminally corrupted. 01308_ Com. Wheel fried. 01311_ EXIT=FOUND: MATERIALS Map ----- +----------------------------------------------------+ | ???????????????#######T## %%!#?###?????? | | ???????????????# #########==#?????? #? | | ???????????????# "" #?????###% #???? #?? | | ???????????????# " " #????## ### #??? | | ???????????????# " #?#### #???? | | ???????????????# #?## ##??? | | ???????????????# < ### #??? | | ??????????######### ##### = #??? | | ?????????# %[ #### % ## #??? | | ?????????# ########%=## [[! ### #??? | | ????????????????## *%= [ [ #?## ## ##??? | | ?????????????#### ] !* ##???####?###???? | | ?????????????# % # #???????????????? | | ?????????????# # #######???????????????? | | ?????????????#?## #?????????????????????? | | ????????????????## ##?????????????????????? | | ?????????????????### #??????????????????????? | | ???????????????????# #??????????????????????? | | ???????????????????# #??????????????????????? | | ???????????????????#%#??????????????????????? | | ???????????????????# #??????????????????????? | | ???????????????????# #####??????????????????? | | ???????????????????# #??????????????????? | | ???????????????????##### ## ##??????????????? | | ???????????????????????# # # """g???????? | | ???????????????????????# @ $ < """g???????? | | ???????????????????????### # g#??????? | | ??????????????????????????####??????????????? | | ????????????????????????????????????????????? | | | | | | | | | | | | | | | | | | | | | | | | | | | | | | | | | | | | | | | | | | | +----------------------------------------------------+ Best States ------------- Heat Dissipation 25 Energy Generation 10 Energy Capacity 125 Matter Stores 300 Matter Capacity 300 Sight Range 18 Terrain Scan Density 10 Evasion (%) 62 Item Schematics ----------------- None Robot Schematics ------------------ None Fabricated ------------ Nothing Alien Tech Used ----------------- None Achievements -------------- None Challenges ------------ None Game ------ Seed DimensionalGammaSubcomponent Manual? 0 Play Time 00:55:32 Cumulative 261.6 hours Start 2022.03.21 @ 22:27:40 End 2022.03.22 @ 13:10:02 Sessions 3 Manual Loads 0 Difficulty Rogue Special Mode None Game No. 182 Rogue 182 Adventurer 0 Explorer 0 Win Type - Total 1 Types 1/0/0/0/0/0/0/0/0 Lore% 62 Gallery% 70 Achievement% 53 Wizard Run 0 Options --------- ASCII 0 Keyboard 0 Movement Mouse Keybinds 0 Fullscreen 1 Font 18/SmallcapsGlow Map View 76x50 Tactical HUD 1 Map Filters NONE Filters NONE Steam 1 RUN: abb88417-ee1a-473b-b73c-4f3eb6cc603a